 Dungeon Crawl Stone Soup version 0.18.1-48-g4cf74bf (webtiles) character file.

763232 Peloso the Minotaur Barricade (level 27, -17/273 HPs)
             Began as a Minotaur Fighter on Sept 10, 2016.
             Was an Elder of Okawaru.
             Killed from afar by a hellion (30 damage)
             ... with damnation
             ... on level 12 of a ziggurat.
             The game lasted 06:07:24 (105126 turns).

Peloso the Minotaur Barricade (Minotaur Fighter)  Turns: 105126, Time: 06:07:24

Health: -17/273    AC: 50    Str: 36    XL:     27
Magic:  32/32      EV: 26    Int:  7    God:    Okawaru [****..]
Gold:   6665       SH: 31    Dex: 24    Spells: 1 memorised, 22 levels left

rFire  + + .     SeeInvis +     D - +9 demon blade of the Forsaken Deaths {pain, rPois Stlth+}
rCold  + + .     Gourm    +     p - +12 gold dragon armour
rNeg   . . .     Faith    .     o - +1 large shield {AC+3}
rPois  +         Spirit   .     Q - +3 crown of Dyrovepreva {rElec Int+2 SInv}
rElec  +         Dismiss  .     R - +2 cloak of Zin's Supremacy {rPois rF+ rC+ MR+}
rCorr  +         Reflect  .     P - +2 pair of fencer's gloves {LBl+4 SBl+4 EV+3 Dex+6}
SustAt .         Harm     .     a - +1 pair of boots of Dim Light {rPois Dex+4}
MR     +++..                    s - amulet of the gourmand
Stlth  ..........               y - ring of resist corrosion
                                I - +6 ring of strength

@: heroism, very slightly contaminated, extremely resistant to hostile
enchantments, extremely unstealthy
A: retaliatory headbutt, horns 2, deformed body
a: Heroism, Renounce Religion
}: 4/15 runes: decaying, serpentine, slimy, silver


You were on level 12 of a ziggurat.
You worshipped Okawaru.
Okawaru was greatly pleased with you.
You were full.

You visited 12 branches of the dungeon, and saw 60 of its levels.
You visited 1 ziggurat, and saw 12 of its levels.
You also visited: Labyrinth and Ice Cave.

You collected 8590 gold pieces.
You spent 1925 gold pieces at shops.

Inventory:

Hand Weapons
 r - a +5 eudemon blade of holy wrath
 D - the +9 demon blade of the Forsaken Deaths (weapon) {pain, rPois Stlth+}
   (Okawaru gifted it to you on level 1 of the Vaults)

   In the hands of one skilled in necromantic magic, it inflicts extra damage on
   living creatures.
   It protects you from poison.
   It makes you more stealthy.
Armour
 a - the +1 pair of boots of Dim Light (worn) {rPois Dex+4}
   (Okawaru gifted it to you on level 2 of the Pits of Slime)

   It affects your dexterity (+4).
   It protects you from poison.
 o - a +1 large shield of protection (worn)
 p - a +12 gold dragon armour (worn)
 O - the +1 cloak of Trumpets {*Drain rElec MR- Str+9}
   (Okawaru gifted it to you on level 5 of the Depths)

   It affects your strength (+9).
   It insulates you from electricity.
   It affects your resistance to hostile enchantments.
   It causes draining when unequipped.
 P - the +2 pair of fencer's gloves (worn) {LBl+4 SBl+4 EV+3 Dex+6}
   (You found it on level 5 of the Vaults)

   It affects your evasion (+3).
   It affects your dexterity (+6).
 Q - the +3 crown of Dyrovepreva (worn) {rElec Int+2 SInv}
   (You found it on level 3 of the Elven Halls)

   It affects your intelligence (+2).
   It insulates you from electricity.
   It lets you see invisible.
 R - the +2 cloak of Zin's Supremacy (worn) {rPois rF+ rC+ MR+}
   (You found it on level 7 of a ziggurat)

   It protects you from fire.
   It protects you from cold.
   It protects you from poison.
   It affects your resistance to hostile enchantments.
Jewellery
 l - the amulet "Obladad" {RegenMP +Inv Slay+3 Stlth+}
   (You found it on level 11 of a ziggurat)

   [amulet of magic regeneration]

   It increases your magic regeneration.
   It affects your accuracy and damage with ranged weapons and melee attacks
   (+3).
   It lets you turn invisible.
   It makes you more stealthy.
 s - an amulet of the gourmand (around neck)
 v - a +4 amulet of reflection
 w - an uncursed amulet of regeneration
 x - an uncursed ring of magical power
 y - a ring of resist corrosion (right hand)
 B - the amulet "Olez" {Inacc rElec rN++ MR+}
   (You found it on level 3 of a ziggurat)

   [amulet of inaccuracy]

   It reduces the accuracy of all your attacks.
   It insulates you from electricity.
   It greatly protects you from negative energy.
   It affects your resistance to hostile enchantments.
 I - a +6 ring of strength (left hand)
 M - an uncursed ring of protection from magic
Wands
 n - a wand of hasting (1/9)
 F - a wand of digging (8/24)
 Y - a wand of teleportation (7/9)
Scrolls
 c - 3 scrolls of magic mapping
 e - 5 scrolls of blinking
 i - 24 scrolls of identify
 k - 8 scrolls of teleportation
 q - 35 scrolls of remove curse
 t - 12 scrolls of recharging
 E - a scroll of summoning
 K - a scroll of holy word
 L - 2 scrolls of amnesia
 W - a scroll of silence
 Z - 13 scrolls of fear
Potions
 b - 16 potions of flight
 d - 3 potions of might
 h - 4 potions of resistance
 j - 13 potions of curing
 m - a potion of heal wounds
 u - 7 potions of agility
 H - 4 potions of haste
Books
 z - a Necronomicon

   Spells                             Type                      Level
   a - Haunt                          Necromancy/Summoning         7
   b - Borgnjor's Revivification      Necromancy                   8
   c - Death's Door                   Charms/Necromancy            8
   d - Necromutation                  Transmutation/Necromancy     8
Comestibles
 f - 34 bread rations
 g - 29 meat rations
 A - 15 beef jerkies


   Skills:
 O Level 27 Fighting
 O Level 27 Long Blades
 + Level 3.2(8.2) Throwing
 O Level 27 Armour
 + Level 11.8(16.8) Dodging
 + Level 12.3(17.3) Stealth
 O Level 27 Shields
 + Level 3.4(8.4) Unarmed Combat
 + Level 2.4 Spellcasting
 + Level 1.3 Necromancy
 + Level 1.6 Transmutations
   Level 2.5 Ice Magic
 + Level 14.1 Invocations
 + Level 10.9 Evocations


You had 22 spell levels left.
You knew the following spells:

 Your Spells              Type           Power        Failure   Level  Hunger
a - Necromutation         Trmt/Necr      #.........   100%        8    #######


Dungeon Overview and Level Annotations

Branches:
Dungeon (15/15)            Temple (0/1) D:5            Lair (8/8) D:8
  Swamp (4/4) Lair:5        Snake (4/4) Lair:5        Slime (6/6) Lair:6
    Orc (2/2) D:12            Elf (3/3) Orc:2        Vaults (5/5) D:14
  Crypt (3/3) Vaults:3       Tomb (0/3) Crypt:3      Depths (5/5) D:15
   Hell (1/1)                 Zot (4/5) Depths:5
    Dis: Hell:1         Geh: Hell:1         Coc: Hell:1         Tar: Hell:1

Altars:
Ashenzari
Cheibriados
Dithmenos
Elyvilon
Fedhas
Kikubaaqudgha
Makhleb
Okawaru
Pakellas
Qazlal
Sif Muna
Vehumet
Xom
Yredelemnul
Zin
The Shining One
Beogh
Jiyva

Shops:
D:8 !   D:12 ?:   Orc:2 :[[[   Elf:1 :   Elf:3 :   Snake:3 [   Vaults:1 ?
Vaults:3 *   Vaults:5 ?   Depths:4 (

Portals:
Hell: Lair:8 Depths:1 Depths:2 Depths:3 Depths:4 Depths:5
Abyss: Depths:4 Depths:5
Pandemonium: Depths:2 Depths:3 Depths:4

Annotations:
Hell Geryon


Innate Abilities, Weirdness & Mutations

You reflexively headbutt those who attack you in melee.
You have a pair of horns on your head.
Armour fits poorly on your strangely shaped body.


Message History

Read which item? (? for menu, Esc to quit)
Blink to where?
Press: ? - help, Dir - move target cursor You are very lightly contaminated with residual magic.
As you read the scroll of blinking, it crumbles to dust.
Your alligator zombie misses the hellion.
Your alligator zombie tail-slaps the hellion.
Something hits your storm dragon zombie.
Something hits your storm dragon zombie but does no damage.
The hellion gestures at you.
The damnation unfurls!
The damnation engulfs you!
* * * LOW HITPOINT WARNING * * *
The hellion hits your hell hound but does no damage.
Your hell hound closely misses the hellion.
Drink which item? (? for menu, Esc to quit)
You feel better.
Your titan skeleton hits the hellion!
Your hell hound bites the hellion.
The hellion gestures at you.
The damnation unfurls!
The damnation engulfs you!
You die...

▓ ▓▓▓.▓▓▓▓▓ ........▓▓▓
▓▓.............▓▓
▓▓............@..▓▓
▓▓.................▓▓
▓............Z......▓
▓........Z2h.h......▓▓
.....Z...ZZh.........▓
.....4...2...........▓
[[?ZZhZ§ZZ...........▓
!∩!)ZL2.2h...........▓▓
!>}[2Z2..Z.........∩..▓


You could see a reaper, a hell hog, 2 hellions, a tengu skeleton, 3 friendly
hell hounds, a friendly alligator zombie, a friendly storm dragon zombie, a
friendly quicksilver dragon zombie, a friendly ettin skeleton and a friendly
titan skeleton.

Vanquished Creatures
  the Royal Jelly (Slime:6)
  Dissolution (Slime:4)
  An ancient lich (Vaults:4)
  An orb of fire (Zot:2)
  A juggernaut (Depths:4)
  Mennas (Crypt:3)
  2 shard shrikes
  Margery (Depths:5)
  Frederick (Vaults:5)
  Saint Roka (Snake:1)
  Vashnia (Snake:4)
  A curse toe (Zot:3)
  A Killer Klown (Zot:2)
  2 large abominations
  14 golden dragons
  Nikola (Vaults:3)
  Jory (Crypt:3)
  An iron giant (Depths:2)
  A hellephant (Depths:1)
  An electric golem (Zot:2)
  6 liches
  13 tentacled monstrosities
  A quicksilver dragon (Vaults:5)
  Asterion (Elf:2)
  4 titans
  38 acid blobs
  6 deep elf blademasters
  6 deep elf master archers (Elf:3)
  4 death cobs
  Gastronok (Lair:1)
  4 thorn hunters
  9 sphinxes
  Roxanne (Snake:3)
  6 storm dragons
  2 revenants
  4 ancient champions
  3 draconian monks
  6 shadow dragons
  8 tengu reavers
  4 fire giants
  Wiglaf (Elf:3)
  3 daevas (Depths:3)
  11 greater nagas
  27 azure jellies
  The ghost of Gargoyl the Protected, an adept DsAK of Lugonu (Elf:1)
  13 frost giants
  3 iron dragons
  2 draconian knights
  2 orc warlords
  11 deep elf sorcerers
  17 vault wardens
  Aizul (Swamp:1)
  4 angels (Depths:3)
  2 draconian scorchers
  A balrug (Depths:3)
  3 emperor scorpions
  5 reapers
  4 draconian zealots
  7 ghost moths
  A spriggan defender (Depths:3)
  3 curse skulls
  6 deep elf elementalists
  4 draconian shifters
  The ghost of Cupidatis the Eclecticist, a journeyman DEWz of Sif Muna (Swamp:1)
  10 ghouls
  2 war gargoyles (Vaults:4)
  19 very ugly things
  18 stone giants
  4 draconian callers
  3 deep elf demonologists
  4 draconian annihilators
  12 ironheart preservers
  The ghost of moozooh the Protected, a journeyman MiBe of Trog (D:14)
  2 juggernaut skeletons
  6 black draconians
  21 vampire knights
  3 salamander stormcallers
  6 deep elf annihilators
  7 purple draconians
  13 green draconians
  12 white draconians
  13 mottled draconians
  7 red draconians
  A dire elephant (Lair:8)
  16 yellow draconians
  5 spark wasps
  8 deep elf death magi
  3 eidola
  Snorg (D:11)
  9 death oozes
  19 ettins
  A green death (Depths:2)
  Josephine (Lair:4)
  17 fire dragons
  A minotaur (Lab)
  8 jiangshi
  15 ogre magi
  3 deep elf high priests
  Fannar (Lair:1)
  43 vault guards
  A quicksilver dragon zombie (Crypt:3)
  11 entropy weavers
  26 hydras
  22 naga warriors
  Harold (D:12)
  8 rakshasas
  17 yaktaur captains
  13 great orbs of eyes
  29 ice dragons
  A ghost crab (Swamp:4)
  5 spriggan air magi
  7 centaur warriors
  A satyr (shapeshifter) (Depths:2)
  3 death knights
  An alligator (shapeshifter) (Depths:5)
  21 anacondas
  Erica (D:10)
  34 dancing weapons
  10 deep troll shamans
  4 hell hogs
  A catoblepas (Lair:4)
  3 tengu warriors
  A hellephant zombie (Crypt:1)
  9 deep troll earth magi
  7 alligators
  Urug (Lair:4)
  12 vampire magi
  15 shock serpents
  10 spriggan berserkers
  22 naga sharpshooters
  5 orc high priests (Orc:2)
  8 soul eaters
  3 sun demons
  A wretched star (Zig:3)
  3 iron trolls
  A storm dragon zombie (Crypt:3)
  23 deep elf knights
  A titan skeleton (Depths:1)
  A fire crab (shapeshifter) (Vaults:1)
  12 hell knights
  10 salamander mystics
  7 shadow wraiths
  6 cherubim (Depths:3)
  8 flayed ghosts
  A giant orange brain (shapeshifter) (Vaults:4)
  A storm dragon skeleton (Vaults:5)
  6 unseen horrors
  54 skeletal warriors
  2 shambling mangroves
  2 swamp dragons (shapeshifter)
  10 hill giants
  2 spriggan druids
  22 deep trolls
  12 swamp dragons
  15 naga ritualists
  A golden dragon zombie (Crypt:3)
  2 giant orange brains
  21 phantasmal warriors
  A harpy (shapeshifter) (Vaults:3)
  2 wolf spider zombies
  15 orc knights
  A lindwurm (shapeshifter) (Depths:4)
  14 deep elf archers
  13 necromancers
  17 ironbrand convokers
  2 wizards
  7 cyclopes
  7 griffons
  38 ugly things
  24 mana vipers
  8 harpies
  4 shining eyes
  A shadow dragon skeleton (Vaults:5)
  11 orc sorcerers
  9 wolf spiders
  A sphinx zombie (Vaults:5)
  7 oklob plants
  A cyclops (shapeshifter) (Depths:4)
  69 deep elf magi
  A fire giant zombie (Crypt:1)
  A manticore (D:14)
  23 salamanders
  An orb spider (shapeshifter) (Vaults:4)
  8 orb spiders
  2 frost giant zombies
  3 human zombies
  A wolf spider (shapeshifter) (Depths:4)
  3 iron dragon zombies
  A hornet (shapeshifter) (Vaults:2)
  6 hornets
  A sixfirhy (Lair:8)
  14 elephants
  An octopode (shapeshifter) (Vaults:2)
  20 moths of wrath
  An ice statue (IceCv)
  8 guardian serpents
  4 rust devils (Depths:1)
  Joseph (Lair:1)
  2 eyes of devastation (shapeshifter)
  An elephant (shapeshifter) (Vaults:5)
  59 black mambas
  A fire giant skeleton (Vaults:4)
  18 naga magi
  16 vault sentinels
  6 eyes of devastation
  2 torpor snails
  6 orange demons (Lair:8)
  13 spiny frogs
  A gargoyle (D:12)
  2 guardian serpents (shapeshifter)
  A frost giant skeleton (Crypt:3)
  2 smoke demons
  2 molten gargoyles (Lair:3)
  A black draconian zombie (Crypt:3)
  A catoblepas zombie (Crypt:3)
  A spriggan zombie (Depths:2)
  4 demonic crawlers
  3 rime drakes
  4 efreet
  9 freezing wraiths
  14 komodo dragons
  55 yaktaurs
  A yaktaur zombie (Depths:1)
  2 redback zombies
  2 guardian mummies (Crypt:1)
  A hellwing (Lair:8)
  4 ice devils
  An entropy weaver zombie (Crypt:2)
  3 red devils
  5 tengu conjurers
  A merfolk (D:9)
  A sea snake skeleton (Crypt:1)
  7 jumping spiders
  8 giant leeches
  7 trolls
  A jumping spider (shapeshifter) (Depths:4)
  151 slime creatures
  A harpy skeleton (D:15)
  18 polar bears
  A tengu simulacrum (Vaults:4)
  29 two-headed ogres
  A death drake skeleton (Crypt:1)
  6 blink frogs
  An ice dragon zombie (Crypt:3)
  A fire dragon zombie (Depths:1)
  3 ettin zombies
  An alligator zombie (Crypt:3)
  13 bog bodies
  A raiju (Zig:3)
  A satyr zombie (Crypt:1)
  4 boulder beetles
  2 centaur simulacra (D:15)
  A fire giant simulacrum (Crypt:3)
  3 air elementals
  5 starcursed masses (Zig:3)
  39 yaks
  A stone giant simulacrum (Vaults:3)
  33 redbacks
  2 ettin skeletons (Vaults:4)
  8 spriggans
  A tarantella (shapeshifter) (D:15)
  8 tarantellas
  7 wyverns
  2 basilisks
  6 shadows
  12 water elementals
  18 wraiths
  A yak (shapeshifter) (D:14)
  Grum (D:11)
  A human (shapeshifter) (D:14)
  4 hungry ghosts
  5 golden eyes
  21 fire elementals
  A hog (shapeshifter) (Vaults:1)
  A steam dragon (D:15)
  9 hippogriffs
  A chaos spawn (Depths:2)
  A neqoxec (Zig:3)
  A hill giant skeleton (Crypt:2)
  31 vampire mosquitoes
  A soldier ant (shapeshifter) (Elf:3)
  10 wargs
  A glowing shapeshifter zombie (Crypt:1)
  2 soldier ants
  13 insubstantial wisps (Swamp:4)
  28 swamp worms
  A giant eyeball (Depths:4)
  A spiny frog zombie (Crypt:2)
  63 nagas
  17 water moccasins
  A hell hound (shapeshifter) (Depths:4)
  15 porcupines
  A merfolk skeleton (Crypt:2)
  A snapping turtle zombie (Crypt:3)
  8 ice beasts
  45 orc warriors
  22 swamp drakes
  An ettin simulacrum (Vaults:4)
  A manticore zombie (Crypt:1)
  A sky beast (D:9)
  A black bear (D:9)
  4 phantoms
  6 eyes of draining
  57 ogres
  13 wasps
  6 necrophages
  26 centaurs
  4 boggarts (Depths:3)
  15 wolves
  A hog skeleton (Crypt:2)
  22 crocodiles
  2 elf zombies (Crypt:3)
  9 big kobolds
  21 giant frogs
  A gnoll sergeant (D:10)
  3 earth elementals
  A wyvern zombie (D:10)
  2 elf skeletons
  A small abomination (Depths:2)
  5 scorpions
  An orc simulacrum (Vaults:1)
  10 killer bees
  5 howler monkeys
  15 wights
  2 electric eels
  2 troll skeletons
  6 centaur zombies
  18 crimson imps
  2 human simulacra
  3 quasits
  A wyvern simulacrum (D:13)
  A giant frog zombie (D:13)
  11 hounds
  36 orc priests
  5 centaur skeletons
  3 giant frog skeletons
  70 jellies
  3 human skeletons (Crypt:1)
  An iron imp (Depths:1)
  A black bear zombie (Crypt:2)
  42 orc wizards
  7 iguanas
  5 hell rats
  12 worker ants
  30 sheep
  A crocodile zombie (Crypt:1)
  4 hound zombies
  3 mummies (Crypt:1)
  A howler monkey zombie (D:7)
  A worker ant zombie (D:6)
  Robin (D:3)
  7 gnolls
  14 adders
  A howler monkey skeleton (D:10)
  66 river rats
  A steam dragon zombie (Crypt:2)
  A steam dragon skeleton (Crypt:3)
  A shadow imp (Depths:2)
  4 white imps
  2 ufetubi
  An ooze (D:6)
  An adder zombie (D:7)
  An adder skeleton (D:5)
  A halfling skeleton (Crypt:2)
  15 worms
  4 dart slugs
  4 giant geckos
  146 orcs
  5 giant cockroaches
  9 hobgoblins
  15 jackals
  21 kobolds
  7 quokkas
  14 bats
  2 giant gecko zombies
  5 giant newts
  16 goblins
  A goblin zombie (Crypt:1)
  2 jackal skeletons
  2 jackal zombies
  6 rats
  A rat zombie (Crypt:3)
  3 briar patches
  2 crawling corpses (Elf:3)
  A fungus (Lair:8)
  4 plants
3347 creatures vanquished.

Vanquished Creatures (collateral kills)
  An ice statue (Zig:12)
  A hellion (Zig:12)
2 creatures vanquished.

Vanquished Creatures (others)
  2 fire giants
  A stone giant (Depths:4)
  A mottled draconian (Zot:1)
  A yaktaur captain (Depths:5)
  A shadow wraith (Vaults:4)
  An ironbrand convoker (Vaults:3)
  A moth of wrath (Zot:2)
  A guardian serpent (Snake:4)
  A spiny frog (Swamp:4)
  6 yaktaurs
  A flying skull (Zig:12)
  A swamp worm (Swamp:4)
  A warg (Vaults:3)
  2 hell hounds (Zig:12)
  A swamp drake (Swamp:4)
  An orc warrior (Snake:2)
  3 ogres
  An orc wizard (Orc:2)
  2 orcs
  3 briar patches (Zig:8)
  16 fungi
  7 lost souls
  11 plants
66 creatures vanquished.

Grand Total: 3415 creatures vanquished

Notes
Turn   | Place    | Note
--------------------------------------------------------------
     0 | D:1      | Peloso the Minotaur Fighter began the quest for the Orb.
     0 | D:1      | Reached XP level 1. HP: 19/19 MP: 0/0
    85 | D:1      | Reached XP level 2. HP: 27/27 MP: 1/1
   425 | D:1      | Reached XP level 3. HP: 28/33 MP: 2/2
   776 | D:2      | Found a blossoming altar of Fedhas.
   802 | D:2      | Found an oddly glowing altar of Pakellas.
   802 | D:2      | Found an iron altar of Okawaru.
   802 | D:2      | Found a radiant altar of Vehumet.
   803 | D:2      | Found a white marble altar of Elyvilon.
   803 | D:2      | Found an ancient bone altar of Kikubaaqudgha.
   806 | D:2      | Found a stormy altar of Qazlal.
   807 | D:2      | Found a shadowy altar of Dithmenos.
   902 | D:2      | Became a worshipper of Warmaster Okawaru
  1523 | D:2      | You fall through a shaft for 2 floors!
  1585 | D:4      | Reached skill level 1 in Dodging
  1585 | D:4      | Reached XP level 4. HP: 25/40 MP: 3/3
  1757 | D:4      | Got an ichor-stained falchion
  1758 | D:4      | Identified the +3 falchion of Gaasimn {freeze, +Inv rPois rN+} (You found it on level 4 of the Dungeon)
  1840 | D:4      | Reached XP level 5. HP: 46/47 MP: 4/4
  1867 | D:4      | Reached * piety under Okawaru
  1905 | D:4      | Reached skill level 5 in Shields
  2148 | D:4      | Reached skill level 5 in Armour
  2264 | D:3      | Noticed Robin
  2285 | D:3      | Reached XP level 6. HP: 18/53 MP: 5/5
  2299 | D:3      | Killed Robin
  3046 | D:5      | Entered Level 5 of the Dungeon
  3187 | D:5      | Reached skill level 5 in Fighting
  3187 | D:5      | Reached XP level 7. HP: 45/61 MP: 6/6
  3395 | D:5      | Reached ** piety under Okawaru
  3427 | D:5      | Found a staircase to the Ecumenical Temple.
  4272 | D:6      | Reached XP level 8. HP: 67/69 MP: 7/7
  4283 | D:6      | Reached skill level 5 in Long Blades
  4296 | D:6      | Reached *** piety under Okawaru
  4958 | D:6      | Reached skill level 5 in Dodging
  4970 | D:6      | Reached XP level 9. HP: 45/78 MP: 8/8
  4979 | D:6      | Reached **** piety under Okawaru
  5828 | D:7      | Found a shattered altar of Ashenzari.
  5828 | D:7      | Found a deep blue altar of Sif Muna.
  6022 | D:7      | Found a stormy altar of Qazlal.
  6156 | D:8      | Found a staircase to the Lair.
  6172 | D:8      | Noticed an elephant
  6196 | D:8      | Killed an elephant
  6203 | D:8      | Reached ***** piety under Okawaru
  6519 | D:8      | Found Fuleqoda's Distillery.
  6531 | D:8      | Reached XP level 10. HP: 79/86 MP: 9/9
  6614 | D:8      | Reached skill level 10 in Shields
  6980 | D:8      | Got a dazzling rapier
  6981 | D:8      | Identified the +4 rapier of the Hidden Runes {pierce, rC+} (You found it on level 8 of the Dungeon)
  7390 | D:9      | Received a gift from Okawaru
  7396 | D:9      | Found a glowing golden altar of the Shining One.
  7780 | D:9      | Reached skill level 10 in Armour
  7901 | D:9      | Found a basalt altar of Yredelemnul.
  8330 | D:10     | Entered Level 10 of the Dungeon
  8429 | D:10     | Noticed a hill giant
  8444 | D:10     | Killed a hill giant
  8464 | D:10     | Reached XP level 11. HP: 55/95 MP: 10/10
  8566 | D:10     | Noticed Erica
  8579 | D:10     | Killed Erica
  8579 | D:10     | Received a gift from Okawaru
  9230 | D:11     | Noticed a six-headed hydra
  9338 | D:10     | Killed a one-headed hydra
  9338 | D:10     | Reached skill level 10 in Long Blades
  9591 | D:11     | Got an ebony war axe
  9592 | D:11     | Identified the +6 war axe "Killer Bee's Doom" {chop, -Tele rPois Str+6 Dex+3} (You found it on level 11 of the Dungeon)
  9661 | D:11     | Reached ****** piety under Okawaru
  9758 | D:11     | Noticed Grum
  9765 | D:11     | Killed Grum
  9768 | D:11     | Received a gift from Okawaru
  9978 | D:11     | Noticed Snorg
 10332 | D:11     | Killed Snorg
 10924 | Lair:1   | Entered Level 1 of the Lair of Beasts
 11037 | Lair:1   | Noticed Fannar
 11056 | Lair:1   | Killed Fannar
 11124 | Lair:1   | Found a labyrinth entrance.
 11176 | Lab      | Entered a labyrinth
 11788 | Lab      | Noticed a minotaur
 11800 | Lab      | Killed a minotaur
 11804 | Lab      | Identified the Compendium of Virous Earth
 11917 | Lair:1   | Noticed an eight-headed hydra
 11920 | Lair:1   | Reached XP level 12. HP: 87/106 MP: 11/11
 11924 | Lair:1   | Killed a four-headed hydra
 11924 | Lair:1   | Received a gift from Okawaru
 11991 | Lair:1   | Noticed Joseph
 12002 | Lair:1   | Killed Joseph
 12087 | Lair:1   | Noticed a four-headed hydra
 12094 | Lair:1   | Killed a one-headed hydra
 12094 | Lair:1   | Received a gift from Okawaru
 12094 | Lair:1   | Reached skill level 10 in Fighting
 12143 | Lair:1   | Noticed Gastronok
 12161 | Lair:1   | Killed Gastronok
 12161 | Lair:1   | Reached skill level 1 in Stealth
 12161 | Lair:1   | Reached skill level 1 in Invocations
 14234 | Lair:4   | Noticed Josephine
 14242 | Lair:4   | Killed Josephine
 14390 | Lair:4   | Found a frozen archway.
 14477 | IceCv    | Entered an ice cave
 14487 | IceCv    | Reached XP level 13. HP: 79/116 MP: 10/13
 14896 | IceCv    | Received a gift from Okawaru
 14915 | IceCv    | Reached skill level 15 in Shields
 14921 | IceCv    | Got a pair of polished boots {god gift}
 14927 | IceCv    | Identified the +3 pair of boots of the Planets {*Corrode rPois rN+ Str+4} (Okawaru gifted it to you in an ice cave)
 15191 | IceCv    | Noticed a frost giant
 15211 | IceCv    | Killed a frost giant
 15271 | IceCv    | Got a pitted battleaxe
 16003 | Lair:4   | You fall through a shaft!
 16010 | Lair:5   | Found a staircase to the Snake Pit.
 16476 | Lair:4   | Noticed Urug
 16483 | Lair:4   | Killed Urug
 17158 | Lair:5   | Found a staircase to the Swamp.
 17656 | Lair:6   | Received a gift from Okawaru
 17659 | Lair:6   | Got a fine great sword {god gift}
 17662 | Lair:6   | Identified the +1 great sword of the Pits of Slime {slice, rPois Int+4} (Okawaru gifted it to you on level 6 of the Lair of Beasts)
 17726 | Lair:6   | Found an ancient bone altar of Kikubaaqudgha.
 17734 | Lair:6   | Found a viscous altar of Jiyva.
 17734 | Lair:6   | Found a staircase to the Slime Pits.
 18957 | Lair:7   | Reached XP level 14. HP: 86/126 MP: 14/14
 19553 | Lair:8   | Entered Level 8 of the Lair of Beasts
 19838 | Lair:8   | Received a gift from Okawaru
 20398 | Lair:8   | Found a burning altar of Makhleb.
 20873 | Lair:8   | Received a gift from Okawaru
 20881 | Lair:8   | Got a transparent long sword {god gift}
 20882 | Lair:8   | Identified the +1 long sword "Nacu" {slice, rF++ rC+ Str+3 Int-2} (Okawaru gifted it to you on level 8 of the Lair of Beasts)
 21425 | Lair:8   | Found a gateway to Hell.
 22400 | D:12     | Noticed Harold
 22797 | D:12     | Killed Harold
 22904 | D:12     | Found Jiwnazuy's Magic Scroll Boutique.
 23015 | D:12     | Received a gift from Okawaru
 23229 | D:12     | Found Kumok's Book Shop.
 23562 | D:12     | Found a staircase to the Orcish Mines.
 24036 | D:13     | Reached skill level 15 in Long Blades
 24658 | D:13     | Reached XP level 15. HP: 115/135 MP: 15/15
 24799 | D:14     | Noticed moozooh's ghost (journeyman MiBe)
 24857 | D:14     | Killed moozooh's ghost
 24857 | D:14     | Received a gift from Okawaru
 24866 | D:14     | Got a jewelled scale mail {god gift}
 24878 | D:14     | Identified the +3 scale mail of the Abyss {rPois Dex+2} (Okawaru gifted it to you on level 14 of the Dungeon)
 25527 | D:14     | Found a gate to the Vaults.
 25835 | D:15     | Entered Level 15 of the Dungeon
 27206 | D:15     | Found a staircase to the Depths.
 27820 | Orc:1    | Entered Level 1 of the Orcish Mines
 27820 | Orc:1    | Noticed an orc warlord
 27866 | D:12     | Received a gift from Okawaru
 27881 | D:12     | Killed an orc warlord
 27889 | D:12     | Got a jewelled scimitar {god gift}
 27890 | D:12     | Identified the +11 scimitar of Unreason {distort, Fragile rElec Int+3} (Okawaru gifted it to you on level 12 of the Dungeon)
 28193 | Orc:1    | Found a roughly hewn altar of Beogh.
 28913 | Orc:2    | Entered Level 2 of the Orcish Mines
 29241 | Orc:2    | Found a staircase to the Elven Halls.
 29370 | Orc:2    | Reached XP level 16. HP: 146/146 MP: 16/16
 29756 | Orc:2    | Gained mutation: You can translocate small distances at will. [a neqoxec]
 29761 | Orc:2    | Received a gift from Okawaru
 30273 | Orc:2    | Found Aplaji's Antique Armour Shop.
 30273 | Orc:2    | Found Apnoumpix's Armour Boutique.
 30273 | Orc:2    | Found Otaeg's Antique Armour Boutique.
 30276 | Orc:2    | Found Fohais's Book Shop.
 30309 | Orc:2    | Bought a shimmering plate armour for 728 gold pieces
 30323 | Orc:2    | Identified the +9 plate armour "Rynifel" {+Inv} (You bought it in a shop on level 2 of the Orcish Mines)
 30969 | Snake:1  | Entered Level 1 of the Snake Pit
 32151 | Snake:1  | Found a shimmering altar of Xom.
 32448 | Snake:1  | Received a gift from Okawaru
 33071 | Snake:1  | Reached skill level 10 in Dodging
 33554 | Snake:1  | You fall through a shaft!
 33768 | Snake:2  | Reached skill level 15 in Armour
 33808 | Snake:2  | Reached skill level 15 in Fighting
 33864 | Snake:2  | Received a gift from Okawaru
 34507 | Snake:2  | Noticed Saint Roka
 34967 | Snake:2  | Reached XP level 17. HP: 156/156 MP: 18/18
 35298 | Snake:1  | Killed Saint Roka
 36435 | Snake:3  | Found Aloess's Armour Shop.
 36481 | Snake:3  | Received a gift from Okawaru
 36484 | Snake:3  | Got a translucent long sword {god gift}
 36485 | Snake:3  | Identified the +4 long sword of Peczyhyth {slice, Str+6} (Okawaru gifted it to you on level 3 of the Snake Pit)
 37560 | Snake:3  | Noticed Roxanne
 37578 | Snake:3  | Killed Roxanne
 38055 | Snake:3  | Received a gift from Okawaru
 38671 | Snake:4  | Entered Level 4 of the Snake Pit
 39230 | Snake:4  | Received a gift from Okawaru
 39274 | Snake:4  | Reached XP level 18. HP: 67/166 MP: 13/19
 39842 | Snake:4  | Noticed Vashnia
 39874 | Snake:4  | Killed Vashnia
 40204 | Snake:4  | Found a shattered altar of Ashenzari.
 41770 | Snake:4  | Received a gift from Okawaru
 41956 | Snake:4  | Got a serpentine rune of Zot
 42523 | Swamp:1  | Entered Level 1 of the Swamp
 42541 | Swamp:1  | Noticed Aizul
 42562 | Swamp:1  | Noticed Cupidatis's ghost (journeyman DEWz)
 42564 | Swamp:1  | Killed Aizul
 42584 | Swamp:1  | Killed Cupidatis's ghost
 45288 | Swamp:4  | Entered Level 4 of the Swamp
 45298 | Swamp:4  | Reached XP level 19. HP: 168/177 MP: 18/20
 46730 | Swamp:4  | Received a gift from Okawaru
 46943 | Swamp:4  | Got a decaying rune of Zot
 47746 | Vaults:1 | Entered Level 1 of the Vaults
 48252 | Vaults:1 | Received a gift from Okawaru
 48261 | Vaults:1 | Got a dazzling demon blade {god gift}
 48576 | Vaults:1 | Identified the +9 demon blade of the Forsaken Deaths {pain, rPois Stlth+} (Okawaru gifted it to you on level 1 of the Vaults)
 49026 | Vaults:1 | Found Bistrut's Magic Scroll Boutique.
 50315 | Vaults:2 | Received a gift from Okawaru
 50785 | Vaults:3 | Reached XP level 20. HP: 140/187 MP: 18/21
 50959 | Vaults:3 | Noticed Nikola
 50993 | Vaults:3 | Killed Nikola
 51545 | Vaults:3 | Found a staircase to the Crypt.
 51797 | Vaults:3 | Found Dimofi Mera's General Store.
 52014 | Vaults:3 | Bought a potion of cure mutation for 375 gold pieces
 52708 | Vaults:3 | Received a gift from Okawaru
 54867 | Vaults:5 | Entered Level 5 of the Vaults
 54896 | Vaults:4 | Received a gift from Okawaru
 55132 | Vaults:4 | Reached XP level 21. HP: 170/196 MP: 22/22
 55985 | Vaults:5 | Noticed a golden dragon
 56052 | Vaults:5 | Noticed a golden dragon
 56286 | Vaults:4 | Killed a golden dragon
 56286 | Vaults:4 | Received a gift from Okawaru
 56529 | Vaults:2 | Paralysed by an ogre mage for 3 turns
 56751 | Vaults:5 | Paralysed by a sphinx for 7 turns
 57081 | Vaults:5 | Noticed a golden dragon
 57098 | Vaults:4 | Killed a golden dragon
 57193 | Vaults:4 | Killed a golden dragon
 57666 | Vaults:5 | Identified a scroll of acquirement
 57731 | Vaults:5 | Noticed a golden dragon
 57741 | Vaults:5 | Killed a golden dragon
 57751 | Vaults:5 | Noticed a golden dragon
 57772 | Vaults:5 | Killed a golden dragon
 57778 | Vaults:5 | Noticed a golden dragon
 57798 | Vaults:5 | Received a gift from Okawaru
 57817 | Vaults:5 | Noticed an ancient lich
 58176 | Vaults:5 | Killed a golden dragon
 58651 | Vaults:4 | Killed an ancient lich
 58651 | Vaults:4 | Reached XP level 22. HP: 172/207 MP: 18/23
 58656 | Vaults:4 | Received a gift from Okawaru
 58898 | Vaults:4 | Got a flickering marble ring
 59309 | Vaults:5 | Identified the ring "Koiroega" {*Contam rF+ Int+9} (You took it off an ironbrand convoker on level 4 of the Vaults)
 59789 | Vaults:5 | Received a gift from Okawaru
 59830 | Vaults:5 | Reached skill level 1 in Throwing
 59830 | Vaults:5 | Reached skill level 1 in Unarmed Combat
 59830 | Vaults:5 | Reached skill level 1 in Evocations
 59830 | Vaults:5 | Reached XP level 23. HP: 215/215 MP: 25/25
 60893 | Vaults:5 | Noticed Frederick
 60909 | Vaults:5 | Received a gift from Okawaru
 60916 | Vaults:5 | Killed Frederick
 60995 | Vaults:5 | Got a silver rune of Zot
 61141 | Vaults:5 | Found Reys's Magic Scroll Emporium.
 61177 | Vaults:5 | Identified Ricabeqea's Guide on Aerial Necromancy
 61854 | D:12     | Bought a book of Necromancy for 360 gold pieces
 61919 | D:12     | Bought a scroll of teleportation for 42 gold pieces
 62007 | Elf:1    | Entered Level 1 of the Elven Halls
 62127 | Elf:1    | Found Wosmafal's One-of-a-Kind Books.
 62168 | Elf:1    | Noticed Gargoyl's ghost (adept DsAK)
 62193 | Elf:1    | Killed Gargoyl's ghost
 62863 | Elf:2    | Reached XP level 24. HP: 226/226 MP: 25/25
 62948 | Elf:2    | Received a gift from Okawaru
 63363 | Elf:2    | Found a huge runed gate.
 63363 | Elf:2    | Found a huge runed gate.
 63363 | Elf:2    | Found a huge runed gate.
 63374 | Elf:2    | Found a huge runed gate.
 63375 | Elf:2    | Found a huge runed gate.
 64097 | Elf:2    | Noticed Asterion
 64117 | Elf:2    | Killed Asterion
 64247 | Elf:3    | Entered Level 3 of the Elven Halls
 64322 | Elf:3    | Received a gift from Okawaru
 64335 | Elf:3    | Got a pair of pitted boots {god gift}
 64346 | Elf:3    | Identified the +1 pair of boots of the Cuttlefish {rPois rC+} (Okawaru gifted it to you on level 3 of the Elven Halls)
 64717 | Elf:3    | Found Zoprec's Book Emporium.
 65343 | Elf:3    | Noticed Wiglaf
 65356 | Elf:3    | Killed Wiglaf
 65526 | Elf:3    | Got a steaming amber ring
 65688 | Elf:3    | Got a coiled golden ring
 65778 | Elf:3    | Identified the ring of Layneggu {rElec rC+ SInv} (You found it on level 3 of the Elven Halls)
 65781 | Elf:3    | Identified the ring "Mija" {*Tele rC+ Int+4} (You found it on level 3 of the Elven Halls)
 65940 | Elf:3    | Got a steaming chain mail
 65942 | Elf:3    | Got an ancient great sword
 66126 | Elf:3    | Identified the +2 chain mail "Timyiraj" {rPois} (You found it on level 3 of the Elven Halls)
 66152 | Elf:3    | Identified the +8 great sword of Nofabul {flame, rPois rF+ Int-4} (You found it on level 3 of the Elven Halls)
 66723 | Crypt:1  | Entered Level 1 of the Crypt
 66869 | Crypt:1  | Reached skill level 27 in Shields
 66978 | Crypt:1  | Received a gift from Okawaru
 67704 | Crypt:2  | Reached XP level 25. HP: 236/236 MP: 25/25
 68588 | Crypt:3  | Entered Level 3 of the Crypt
 68588 | Crypt:3  | Found a staircase to the Tomb.
 68724 | Crypt:3  | Noticed Mennas
 68809 | Crypt:3  | Killed Mennas
 69204 | Crypt:3  | Reached skill level 27 in Long Blades
 69561 | Crypt:3  | Paralysed by a vampire knight for 6 turns
 69936 | Crypt:3  | Received a gift from Okawaru
 69941 | Crypt:3  | Found an ancient bone altar of Kikubaaqudgha.
 70080 | Crypt:3  | Noticed Jory
 70697 | Crypt:3  | Got a flickering tin ring
 71443 | Crypt:3  | Killed Jory
 71462 | Crypt:3  | Identified the Almanac of Ashen Orientation
 71467 | Crypt:3  | Identified Pyekithu's Incunabulum of Conjuration
 71481 | Crypt:3  | Identified the ring of Gluttony {Ice *Corrode Str+4} (You took it off a skeletal warrior on level 3 of the Crypt)
 72038 | Slime:1  | Entered Level 1 of the Pits of Slime
 72083 | Slime:1  | Reached skill level 5 in Invocations
 72857 | Slime:2  | Received a gift from Okawaru
 72877 | Slime:2  | Got a pair of jewelled boots {god gift}
 72888 | Slime:2  | Identified the +1 pair of boots of Dim Light {rPois Dex+4} (Okawaru gifted it to you on level 2 of the Pits of Slime)
 73193 | Slime:3  | Gained mutation: You are frail (-10% HP). [a shining eye]
 73244 | Slime:2  | Reached XP level 26. HP: 182/228 MP: 25/25
 74011 | Slime:3  | Gained mutation: You are occasionally teleported next to monsters. [a shining eye]
 74018 | Slime:3  | Gained mutation: You occasionally shout uncontrollably at your foes. [a shining eye]
 74127 | Slime:5  | Noticed Dissolution
 74153 | Slime:4  | Killed Dissolution
 75054 | Slime:6  | Entered Level 6 of the Pits of Slime
 75059 | Slime:6  | Gained mutation: Armour fits poorly on your strangely shaped body. [a shining eye]
 75061 | Slime:6  | Gained mutation: You are dopey. (Int -2) [a shining eye]
 75066 | Slime:6  | Gained mutation: Your magical capacity is low (-10% MP). [a shining eye]
 75069 | Slime:6  | Gained mutation: You are clumsy. (Dex -2) [a shining eye]
 75077 | Slime:6  | Gained mutation: You are very dopey. (Int -4) [a shining eye]
 75082 | Slime:6  | Gained mutation: You tend to lose your temper in combat. [a shining eye]
 75084 | Slime:6  | Gained mutation: Scrolls take you a little longer to read. [a shining eye]
 75173 | Slime:6  | Noticed the Royal Jelly
 75421 | Slime:6  | Killed the Royal Jelly
 76448 | Slime:6  | Got a scintillating platinum ring
 76451 | Slime:6  | Identified the ring "Zucrom" {rElec rN+ SInv} (You found it on level 6 of the Pits of Slime)
 76464 | Slime:6  | Identified the Guide on Boosts
 76499 | Slime:6  | Identified the Reference Book on Sinister Clay
 76502 | Slime:6  | Got a slimy rune of Zot
 76515 | Slime:6  | Identified the Incunabulum of Venomous Air
 76802 | Lair:3   | Lost mutation: You are clumsy. (Dex -2) [potion of cure mutation]
 76802 | Lair:3   | Lost mutation: You occasionally shout uncontrollably at your foes. [potion of cure mutation]
 76802 | Lair:3   | Lost mutation: Scrolls take you a little longer to read. [potion of cure mutation]
 76802 | Lair:3   | Lost mutation: Your magical capacity is low (-10% MP). [potion of cure mutation]
 77004 | Depths:1 | Entered Level 1 of the Depths
 77746 | Depths:1 | Found a snail-covered altar of Cheibriados.
 78170 | Depths:2 | Found a runed gate.
 78170 | Depths:2 | Found a runed gate.
 78170 | Depths:2 | Found a runed gate.
 78191 | Depths:2 | Found a magical portal.
 78270 | Depths:2 | Received a gift from Okawaru
 78395 | Depths:2 | Received a gift from Okawaru
 78411 | Depths:2 | Found a one-way gate leading to the halls of Pandemonium.
 78910 | Depths:2 | HP: 7/237 [iron giant/iron shot (53)]
 79139 | Depths:1 | Reached XP level 27. HP: 152/243 MP: 26/26
 79510 | Depths:2 | Reached skill level 27 in Fighting
 79902 | Depths:2 | Got a smoking great sword
 79903 | Depths:2 | Identified the +7 great sword "Embalmer" {slice, Dex+7 SInv Stlth+} (You found it on level 2 of the Depths)
 80455 | Depths:2 | Got a heavily runed cloak
 80466 | Depths:2 | Identified the +0 cloak of Light {-Tele Str+4 Stlth+} (You found it on level 2 of the Depths)
 81426 | Depths:3 | Found a glowing silver altar of Zin.
 82292 | Depths:4 | Noticed a juggernaut
 82306 | Depths:4 | Killed a juggernaut
 82306 | Depths:4 | Received a gift from Okawaru
 82453 | Depths:4 | Found Varph's Antique Weapon Boutique.
 83002 | Depths:4 | Paralysed by a giant eyeball for 3 turns
 84507 | Depths:4 | Found a gateway to a ziggurat.
 84610 | Depths:4 | Found a one-way gate to the infinite horrors of the Abyss.
 84946 | Depths:5 | Entered Level 5 of the Depths
 85328 | Depths:5 | Noticed Margery
 85343 | Depths:5 | Killed Margery
 85343 | Depths:5 | Received a gift from Okawaru
 85395 | Depths:5 | Got a polished cloak {god gift}
 85450 | Depths:5 | Identified the +1 cloak of Trumpets {*Drain rElec MR- Str+9} (Okawaru gifted it to you on level 5 of the Depths)
 85746 | Depths:5 | Reached skill level 5 in Stealth
 86363 | Depths:5 | Found a gate to the Realm of Zot.
 86456 | Hell     | Entered the Vestibule of Hell
 86456 | Hell     | Noticed Geryon
 86689 | Zot:1    | Entered Level 1 of the Realm of Zot
 86777 | Zot:1    | Reached skill level 10 in Invocations
 88634 | Zot:2    | Received a gift from Okawaru
 88808 | Zot:2    | Noticed an orb of fire
 88808 | Zot:2    | Gained mutation: Scrolls take you a little longer to read. [an orb of fire]
 88814 | Zot:2    | Gained mutation: You are very frail (-20% HP). [an orb of fire]
 88819 | Zot:2    | Killed an orb of fire
 88881 | Zot:2    | Reached skill level 27 in Armour
 90302 | Zot:3    | Reached skill level 5 in Evocations
 90511 | Zot:3    | Received a gift from Okawaru
 91909 | Zot:3    | Received a gift from Okawaru
 92931 | Zot:3    | Got a transparent long sword {god gift}
 92932 | Zot:3    | Lost intelligence.
 92932 | Zot:3    | Identified the +2 long sword "Voxima Jeumm" {flame, rElec Int-4 Dex+2} (Okawaru gifted it to you on level 3 of the Realm of Zot)
 94745 | Zot:4    | Reached skill level 10 in Stealth
 96740 | D:4      | You fall through a shaft for 2 floors!
 96886 | D:8      | Bought a potion of cure mutation for 300 gold pieces
 96886 | D:8      | Bought a potion of haste for 120 gold pieces
 96886 | D:8      | Lost mutation: You can translocate small distances at will. [potion of cure mutation]
 96886 | D:8      | Lost mutation: You are very dopey. (Int -4) [potion of cure mutation]
 96886 | D:8      | Lost mutation: You are dopey. (Int -2) [potion of cure mutation]
 96886 | D:8      | Lost mutation: You are very frail (-20% HP). [potion of cure mutation]
 99326 | Zig:1    | Entered Level 1 of a ziggurat
 99332 | Zig:1    | Received a gift from Okawaru
 99348 | Zig:2    | Entered Level 2 of a ziggurat
 99382 | Zig:3    | Entered Level 3 of a ziggurat
 99410 | Zig:3    | Got a wavering garnet amulet
 99596 | Zig:4    | Entered Level 4 of a ziggurat
 99825 | Zig:5    | Entered Level 5 of a ziggurat
100000 | Zig:6    | Entered Level 6 of a ziggurat
100005 | Zig:6    | Reached skill level 10 in Evocations
100067 | Zig:6    | Reached skill level 1 in Spellcasting
100067 | Zig:6    | Reached skill level 1 in Ice Magic
100198 | Zig:7    | Entered Level 7 of a ziggurat
100234 | Zig:7    | Received a gift from Okawaru
100289 | Zig:7    | Got a twisted cloak
100295 | Zig:7    | Identified the +2 cloak of Zin's Supremacy {rPois rF+ rC+ MR+} (You found it on level 7 of a ziggurat)
100469 | Zig:7    | Identified the amulet "Olez" {Inacc rElec rN++ MR+} (You found it on level 3 of a ziggurat)
100591 | Zig:8    | Entered Level 8 of a ziggurat
100660 | Zig:8    | Identified the Compendium of Unstable Weightlessness
100669 | Zig:8    | Identified the Compendium of the Glacier and Darkness
100798 | Zig:9    | Entered Level 9 of a ziggurat
101287 | Zig:9    | Learned a level 8 spell: Necromutation
101302 | Zig:9    | Got a faintly glowing leather armour
101330 | Zig:9    | Got a bloodstained short sword
101333 | Zig:9    | Identified the cursed +0 short sword of Profit {speed, *Rage rElec rN+++ Int-4} (You found it on level 9 of a ziggurat)
101364 | Zig:9    | Gained mutation: You occasionally shout uncontrollably at your foes. [mutagenic glow]
101781 | Zig:9    | Gained mutation: You are dopey. (Int -2) [mutagenic glow]
101828 | Zig:9    | Gained mutation: You are very dopey. (Int -4) [mutagenic glow]
101887 | Zig:9    | Gained mutation: You are clumsy. (Dex -2) [mutagenic glow]
101911 | Zig:9    | Gained mutation: Your magical capacity is low (-10% MP). [mutagenic glow]
102672 | Zig:10   | Entered Level 10 of a ziggurat
103127 | Zig:10   | Identified the Incunabulum of Gliding Displacement
103144 | Zig:10   | Identified the Catalogue of Ice and Intoxication
103188 | Zig:10   | Lost mutation: You occasionally shout uncontrollably at your foes. [miscasting Necromutation]
104081 | Zig:10   | Lost mutation: You are frail (-10% HP). [potion of cure mutation]
104081 | Zig:10   | Lost mutation: You tend to lose your temper in combat. [potion of cure mutation]
104081 | Zig:10   | Lost mutation: You are clumsy. (Dex -2) [potion of cure mutation]
104081 | Zig:10   | Lost mutation: You are very dopey. (Int -4) [potion of cure mutation]
104082 | Zig:10   | Lost mutation: You are dopey. (Int -2) [potion of cure mutation]
104082 | Zig:10   | Lost mutation: Your magical capacity is low (-10% MP). [potion of cure mutation]
104082 | Zig:10   | Lost mutation: Scrolls take you a little longer to read. [potion of cure mutation]
104082 | Zig:10   | Lost mutation: You are occasionally teleported next to monsters. [potion of cure mutation]
104093 | Zig:11   | Entered Level 11 of a ziggurat
104188 | Zig:11   | Reached skill level 1 in Transmutations
104213 | Zig:11   | HP: 6/273 [disintegration (46)]
104929 | Zig:11   | Got a pitted platinum amulet
104930 | Zig:11   | Identified the amulet "Obladad" {RegenMP +Inv Slay+3 Stlth+} (You found it on level 11 of a ziggurat)
104934 | Zig:11   | Reached skill level 1 in Necromancy
104941 | Zig:11   | Got a fine golden ring
104942 | Zig:11   | Identified the ring "Zusel" {rF+ rC+} (You found it on level 11 of a ziggurat)
105101 | Zig:12   | Entered Level 12 of a ziggurat
105125 | Zig:12   | HP: 5/273 [hellion/damnation (36)]
105126 | Zig:12   | Killed from afar by a hellion

Skill      XL: |  1  2  3  4  5  6  7  8  9 10 11 12 13 14 15 16 17 18 19 20 21 22 23 24 25 26 27 |
---------------+----------------------------------------------------------------------------------+-----
Armour         | 4 5 6 7 9 10 12 13 14 15 16 17 18 19 21 27 | 27.0
Shields        | 4 5 6 8 9 11 13 14 16 17 18 19 21 22 23 24 25 26 27 | 27.0
Fighting       | 4 5 6 7 8 9 11 12 13 14 15 16 17 18 19 20 21 24 26 27 | 27.0
Long Blades    | 3 4 6 8 9 10 12 13 15 16 17 19 20 21 22 23 24 25 26 27 | 27.0
Dodging        | 1 2 3 5 6 7 9 10 11 | 11.8
Stealth        | 1 2 3 12 | 12.3
Invocations    | 1 2 3 4 5 14 | 14.1
Throwing       | 1 3 |  3.2
Unarmed Combat | 1 3 |  3.4
Evocations     | 1 10 | 10.9
Spellcasting   | 2 |  2.4
Ice Magic      | 2 |  2.5
Transmutations | 1 |  1.6
Necromancy     | 1 |  1.3

Action                   |  1- 3 |  4- 6 |  7- 9 | 10-12 | 13-15 | 16-18 | 19-21 | 22-24 | 25-27 || total
-------------------------+-------+-------+-------+-------+-------+-------+-------+-------+-------++-------
Melee: Long sword        |   110 |     2 |       |       |    30 |  1186 |   575 |       |       ||  1903
       Headbutt          |    16 |    23 |    75 |   190 |   535 |   542 |   695 |   444 |  1821 ||  4341
       Falchion          |       |   143 |   366 |   558 |    79 |       |       |       |       ||  1146
       Scimitar          |       |       |       |   344 |  1835 |   799 |       |       |       ||  2978
       Demon blade       |       |       |       |       |       |       |  1390 |  1297 |  4495 ||  7182
Invok: Heroism           |       |       |     1 |     7 |    14 |    15 |    18 |     5 |    34 ||    94
       Finesse           |       |       |       |     1 |     2 |     2 |     3 |     1 |     8 ||    17
 Abil: Evoke Flight      |       |       |       |       |     3 |       |       |       |       ||     3
       Blink             |       |       |       |       |       |       |       |       |     2 ||     2
Evoke: Wand              |       |       |       |       |     5 |       |       |       |    14 ||    19
  Use: Potion            |       |     2 |       |     2 |       |     4 |     3 |     1 |    39 ||    51
       Scroll            |       |       |    14 |    13 |     8 |    12 |     6 |    22 |    37 ||   112
 Stab: Confused          |       |       |       |       |     1 |       |       |       |     1 ||     2
       Distracted        |       |       |       |       |       |       |     1 |       |     1 ||     2
       Invisible         |       |       |       |       |       |       |       |       |     2 ||     2
  Eat: Chunk             |     2 |     6 |    11 |    25 |    52 |    32 |    40 |    40 |   170 ||   378
       Fruit             |       |       |       |     2 |       |    21 |     4 |       |    21 ||    48
       Pizza             |       |       |       |     1 |       |     1 |       |     1 |     3 ||     6
       Royal jelly       |       |       |       |       |       |     1 |     1 |       |     7 ||     9
       Beef jerky        |       |       |       |       |       |       |       |       |     4 ||     4
Armor: Scale mail        |    62 |    74 |    32 |       |       |       |       |       |       ||   168
       Chain mail        |       |       |    83 |    56 |       |       |       |       |       ||   139
       Plate armour      |       |       |       |   240 |   456 |   640 |   695 |    85 |       ||  2116
       Ice dragon armour |       |       |       |    48 |   269 |       |       |       |       ||   317
       Gold dragon hide  |       |       |       |       |       |       |     9 |       |       ||     9
       Gold dragon armou |       |       |       |       |       |       |       |   253 |  1266 ||  1519
Dodge: Dodged            |    39 |    52 |   108 |   224 |   677 |   602 |   644 |   373 |  1753 ||  4472
Block: Shield            |    68 |    83 |   213 |   608 |  1497 |  1758 |  1494 |  1002 |   307 ||  7030
       Large shield      |       |       |       |       |       |       |       |       |  5221 ||  5221
       Reflection        |       |       |       |       |       |       |       |       |    79 ||    79
